 Dungeon Crawl Stone Soup version 0.30-a0-222-ge547ba4400 (webtiles) character file.

Game seed: 15270214286010580121

88 heikuro the Shield-Bearer (level 4, 37/37 HPs)
             Began as a Formicid Fighter on Oct 8, 2022.
             Was an Initiate of Ashenzari.
             Quit the game on level 2 of the Dungeon.
             The game lasted 00:06:30 (1349 turns).

heikuro the Shield-Bearer (Formicid Fighter)        Turns: 1349, Time: 00:06:31

Health: 37/37      AC: 17    Str: 22    XL:     4   Next: 81%
Magic:  4/4        EV:  7    Int:  8    God:    Ashenzari [......]
Gold:   50         SH:  5    Dex: 13    Spells: 3/3 levels left

rFire   . . .      SeeInvis +    a - +0 trident
rCold   . . .      Faith    .    c - +0 buckler
rNeg    + . .      Spirit   .    u - +3 chain mail of the Restrained Portent {Bglg, Range} (curse)
rPois   .          Reflect  .    (helmet unavailable)
rElec   .          Harm     .    s - +0 cloak
rCorr   .          Rampage  .    (no gloves)
Will    .....                    (no boots)
Stlth   ..........               (no amulet)
HPRegen 0.26/turn                f - ring of positive energy
MPRegen 0.09/turn                n - +4 ring of protection

@: no status effects
A: permanent stasis, dig shafts and tunnels, antennae 3, four strong arms
a: Dig, Shaft Self, Renounce Religion, Shatter the Chains


You were on level 2 of the Dungeon.
You worshipped Ashenzari.
Ashenzari was noncommittal.
You visited 1 branch of the dungeon, and saw 2 of its levels.

You collected 50 gold pieces.

Inventory:

Hand Weapons
 a - a +0 trident (weapon)
 t - a +1 short sword of electrocution
Missiles
 e - 4 poisoned darts
Armour
 c - a +0 buckler (worn)
 s - a +0 cloak (worn)
 u - the cursed +3 chain mail of the Restrained Portent (worn) {Bglg, Range}
   (You took it off an orc on level 2 of the Dungeon)

   It has a curse which improves the following skills: Beguiling: Conjurations,
   Hexes and Translocations.
   Ranged Combat: Ranged Weapons and Throwing.
Jewellery
 f - a ring of positive energy (left hand)
 m - a ring of flight
 n - a +4 ring of protection (right hand)
 o - a ring of fire
 r - a ring of fire
Wands
 p - a wand of digging (7)
Scrolls
 h - a scroll of amnesia {unknown}
 i - a scroll of blinking {unknown}
 l - a scroll of torment {unknown}
 q - a scroll of identify {unknown}
Potions
 b - a potion of haste {unknown}
 d - 2 potions of might
 g - a potion of flight {unknown}
 j - a potion of attraction {unknown}
 k - a potion of invisibility {unknown}


   Skills:
 + Level 3.9 Fighting
 * Level 3.2 Polearms
 + Level 3.8 Armour
 + Level 4.7 Shields


You had 3 spell levels left.
You didn't know any spells.
Your spell library was empty.

Dungeon Overview and Level Annotations

Branches:
Dungeon (2/15)

Altars:
Ashenzari

Shops:
D:1 *:


Innate Abilities, Weirdness & Mutations

You cannot be hasted, slowed, berserked, paralysed or teleported.
You can dig through walls and to a lower floor.
You have a pair of large antennae on your head. (SInv)
Your four strong arms can wield two-handed weapons with a shield.


Message History

You puncture the hobgoblin!
You kill the hobgoblin!
The orc throws a boomerang.
The boomerang misses you.
You see here a hobgoblin corpse.
You barely miss the orc.
The orc hits you with a +1 short sword of electrocution.
You are electrocuted!
You puncture the orc!
You kill the orc!
You puncture the ball python!
You kill the ball python!
Things that are here:
a +1 short sword of electrocution; 2 boomerangs; a +3 chain mail
t - a +1 short sword of electrocution You start removing your armour.
You continue taking off your +0 scale mail. x4
You finish taking off your +0 scale mail.
You start putting on your armour.
You continue putting on your +3 chain mail. x5
You finish putting on your +3 chain mail.
You drop a +0 scale mail.
You're wearing all the rings you can.
Remove which one? (? for menu, Esc to cancel) < or
f - a ring of positive energy; > or
m - a ring of flight You remove your ring of flight.
You float gracefully downwards.
n - a +4 ring of protection (right hand) HP restored.
You see here 4 stones.
You now have 50 gold pieces (gained 8).
b - an emerald potion
Things that are here:
a +0 scale mail; 2 boomerangs You see here a hobgoblin corpse.
There is an open door here.
Found a stone staircase leading down.
You open the door.
There is an open door here.
Ashenzari invites you to partake of a vision and a curse of beguiling and ranged combat.
Your +3 chain mail glows black for a moment.
Are you sure you want to abandon this character and quit the game? (Confirm with "yes".)

#.#.#.#
#.#.#.#
#.#.#.#
#.#...#
############
#.#####
.##.'†.#...#
#.#..
##..##...###
#.#.#
#....#..##.#
#.#.#
.....##....#
#.#@#
......#..###
#...#
......##.#.#
#####
...#...#...#
..##...##.##
.####...#..#
##..#...##.#
#...##...#.#
..#..#...###


There were no monsters in sight!

Vanquished Creatures
  A hound (D:2)
  An adder (D:2)
  2 dart slugs (D:1)
  An orc (D:2)
  7 ball pythons
  4 bats
  2 endoplasms (D:1)
  A giant cockroach (D:2)
  6 goblins
  4 hobgoblins
  A jackal (D:2)
  7 frilled lizards
  6 kobolds
  A rat (D:1)
44 creatures vanquished.

Notes
Turn   | Place    | Note
-------+----------+-------------------------------------------
     0 | D:1      | heikuro the Formicid Fighter began the quest for the Orb.
     0 | D:1      | Reached XP level 1. HP: 18/18 MP: 1/1
    29 | D:1      | Found Wifi's Book Boutique.
   137 | D:1      | Reached XP level 2. HP: 24/24 MP: 2/2
   246 | D:1      | Found a faded altar of an unknown god.
   257 | D:1      | Prayed at the altar of an unknown god.
   257 | D:1      | Became a worshipper of Ashenzari the Shackled
   332 | D:1      | Reached XP level 3. HP: 29/29 MP: 3/3
   702 | D:1      | Found Wykiad's Assorted Antiques.
  1023 | D:2      | Reached XP level 4. HP: 36/37 MP: 4/4
  1349 | D:2      | Quit the game

Illustrated notes

Levels and vault maps discovered:
D:1:      ebering_trefoil_3fold, layout_basic,
          shapermc_ecumenical_altar_starsandcircs, serial_shops,
          nicolae_shop_overgrown_old_shop, shop
D:2:      minmay_razor_zed, layout_loops_cross, roderic_serpentine_path,
          minmay_misc_feat_encased, uniq_jessica

Skill      XL: |  1  2  3 |
---------------+----------+-----
Polearms       | 3 |  3.2
Fighting       | |  3.9
Armour         | |  3.8
Shields        | |  4.7

Action                   |  1- 3 |  4- 6 || total
-------------------------+-------+-------++-------
Melee: Trident           |   101 |    32 ||   133
Invok: Curse Item        |       |     1 ||     1
 Abil: Dig               |       |     1 ||     1
Armor: Scale mail        |    35 |    14 ||    49
Dodge: Dodged            |    35 |    17 ||    52
Block: Buckler           |    19 |     7 ||    26

Table legend: (Time is in decaauts)
 A = Elapsed time spent in this place.
 B = Non-inter-level travel time spent in this place.
 C = Inter-level travel time spent in this place.
 D = Time resting spent in this place.
 E = Time spent auto-exploring this place.
 F = Levels seen in this place.
 G = Mean time per level.
                   A        B        C        D        E       F      G
               +--------+--------+--------+--------+--------+-----+--------+
         Total |   1373 |   1333 |     40 |     60 |    694 |   2 |  686.5 |
       Dungeon |   1373 |   1333 |     40 |     60 |    694 |   2 |  686.5 |
               +--------+--------+--------+--------+--------+-----+--------+

Top non-repeatable levels by time:
     D:1: 855 daAuts
     D:2: 517 daAuts
